 Dungeon Crawl Stone Soup version 0.27-a0-887-gcab673c142 (webtiles) character file.

Game seed: 2327645856778642734

184 Lanoc the Insei (level 5, -13/61 HPs)
             Began as a Gnoll Transmuter on Apr 4, 2021.
             Was a Follower of Zin.
             Mangled by Sigmund
             ... wielding a +1 scythe of freezing
              (15 damage)
             ... on level 3 of the Dungeon.
             The game lasted 00:05:24 (3888 turns).

Lanoc the Insei (Gnoll Transmuter)                  Turns: 3888, Time: 00:05:25

Health: -13/61     AC: 22    Str:  8 (9)  XL:     5   Next: 63%
Magic:  12/12      EV:  2    Int: 11 (14) God:    Zin [*.....]
Gold:   97         SH:  0    Dex: 10 (12) Spells: 12/14 levels left

rFire    . . .     SeeInvis +     - Unarmed
rCold    . . .     Faith    .   (no shield)
rNeg     + + +     Spirit   .   (armour currently unavailable)
rPois    +         Reflect  .   (helmet currently unavailable)
rElec    .         Harm     .   (cloak currently unavailable)
rCorr    .         Rampage  .   (gloves currently unavailable)
Will     .....     NoTele   +   (boots currently unavailable)
Stlth    +.........             (no amulet)
HPRegen  0.20/turn              k - ring of see invisible
MPRegen  0.13/turn              (no ring)

@: confused, tree-form (expiring)
A: stationary, stasis, torment immunity, boosted hp, (fangs 1), strong nose,
distributed training
a: Renounce Religion, Recite, Donate Gold


You were on level 3 of the Dungeon.
You worshipped Zin.
Zin was aware of your devotion.
You were a tree.
You visited 1 branch of the dungeon, and saw 3 of its levels.

You collected 107 gold pieces.
You donated 10 gold pieces to Zin.

Inventory:

Armour
 a - a +0 robe (melded)
 l - a +0 pair of gloves (melded)
Jewellery
 k - a ring of see invisible (left branch)
Scrolls
 g - a scroll of fog


   Skills:
 + Level 3.0 Fighting
 + Level 1.6 Short Blades
 + Level 1.6 Long Blades
 + Level 1.6 Axes
 + Level 1.6 Maces & Flails
 + Level 1.6 Polearms
 + Level 1.6 Staves
 + Level 1.6 Slings
 + Level 1.6 Bows
 + Level 1.6 Crossbows
 + Level 1.6 Throwing
 + Level 1.6 Armour
 + Level 4.8 Dodging
 + Level 1.6 Stealth
 + Level 1.6 Shields
 + Level 6.7 Unarmed Combat
 + Level 5.2 Spellcasting
 + Level 1.2 Conjurations
 + Level 1.2 Hexes
 + Level 1.2 Summonings
 + Level 1.2 Necromancy
 + Level 1.2 Translocations
 + Level 4.0 Transmutations
 + Level 1.2 Fire Magic
 + Level 1.2 Ice Magic
 + Level 1.2 Air Magic
 + Level 1.2 Earth Magic
 + Level 1.2 Poison Magic
 + Level 1.8 Invocations
 + Level 1.6 Evocations


You had 12 spell levels left.
You knew the following spells:

 Your Spells              Type           Power      Damage    Failure   Level
b - Wereblood             Tmut           11%        N/A       6%          2

Your spell library contained the following spells:

 Spells                   Type           Power      Damage    Failure   Level
 Beastly Appendage        Tmut           22%        N/A       4%          1
 Spider Form              Tmut/Pois      4%         N/A       22%         3
 Ice Form                 Ice/Tmut       8%         N/A       56%         4
 Hydra Form               Tmut           5%         N/A       75%         5


Dungeon Overview and Level Annotations

Branches:
Dungeon (3/15)

Altars:
Zin

Annotations:
D:3 Sigmund


Innate Abilities, Weirdness & Mutations

You are a tree.
Your roots penetrate the ground, keeping you stationary.
You cannot be teleported.
You are immune to unholy pain and torment.
Your maximum health is greatly increased.
Your equipment is partially melded.
((You have very sharp teeth.))
Your uncanny sense of smell can sniff out nearby items.
Your experience applies equally to all skills.


Message History

Sigmund blinks!
You start resting.
Sigmund is nearby!
Sigmund gestures at himself while chanting.
Sigmund flickers and vanishes for a moment.
You clear your throat and prepare to recite. "And Zin, furious at their discord, held..."
Sigmund is dazed by your recitation.
Sigmund zaps a wand.
The puff of flame hits you but does no damage. "...aloft a silver sceptre!
The bastard children of Xom..."
Sigmund hits you from afar with a +1 scythe of freezing!
* * * LOW HITPOINT WARNING * * *
Sigmund freezes you.
* * * LOW HITPOINT WARNING * * *
"...were purified, and thus the way of things was maintained."
You finish reciting Apostates 24:29.
Sigmund is lost in a daze.
Your transformation is almost over.
Sigmund is lost in a daze.
Sigmund zaps a wand.
The puff of flame hits you but does no damage.
The now-empty wand crumbles to dust.
Sigmund hits you from afar with a +1 scythe of freezing.
* * * LOW HITPOINT WARNING * * *
Sigmund freezes you.
* * * LOW HITPOINT WARNING * * *
Sigmund is lost in a daze.
Sigmund barely misses you. Sigmund gestures at you while chanting.
You are confused.
You are ready to recite again.
Sigmund barely misses you.
You are too confused!
Sigmund points at you and mumbles some strange words.
The magic dart hits you.
* * * LOW HITPOINT WARNING * * *
Sigmund is suddenly surrounded by pale green light.
Sigmund hits you but does no damage.
Sigmund hits you from afar with a +1 scythe of freezing!
You die...

***#.#.#.####.#.#.#.....# ##
*,,,,#.#.#*,#.#.#.#.....# #.
*,,,,#.#.#*<#.#.#.#.....# #.
**,,,,*,#.**,#.#.#.....#'#####
#.
,,,,,,*,*,,,,#.#.###.#.......#
#.
,****,,,,,,**#.§§....#.......#
#. ,* *,*,*,∆*
###.#####.......###. ,*
*,*∆**,* #.# ###.###.....
,****,*,,,,* #♣#######.#
#.###.
,,,,,,****######§§.....#.# #.#
## ******* #..@.@######.#.#
#.#### #.###.#####....###.....
#,* #........#.†.......
*,*##..####....†.#.....
*,,..............#.....
**##########.....#.....
#..............######


You could see Sigmund (strong, invisible, dazed).

Vanquished Creatures
  A water moccasin zombie (D:2)
  An orc priest (D:3)
  3 adders
  5 worms
  2 dart slugs
  6 orcs (D:3)
  5 endoplasms
  2 giant cockroaches
  4 hobgoblins
  2 jackals (D:3)
  A quokka (D:3)
  5 ball pythons
  3 bats
  3 frilled lizards
  3 goblins
  3 kobolds
  6 rats
55 creatures vanquished.

Notes
Turn   | Place    | Note
-------+----------+-------------------------------------------
     0 | D:1      | Lanoc the Gnoll Transmuter began the quest for the Orb.
     0 | D:1      | Reached XP level 1. HP: 17/17 MP: 6/6
   440 | D:1      | Reached XP level 2. HP: 10/23 MP: 4/7
   443 | D:1      | Learned a level 2 spell: Wereblood
  1441 | D:2      | Reached XP level 3. HP: 16/28 MP: 5/9
  1445 | D:2      | Reached skill level 5 in Spellcasting
  1781 | D:2      | Reached skill level 1 in Invocations
  2084 | D:2      | Reached skill level 1 in Short Blades
  2084 | D:2      | Reached skill level 1 in Long Blades
  2084 | D:2      | Reached skill level 1 in Axes
  2084 | D:2      | Reached skill level 1 in Maces & Flails
  2084 | D:2      | Reached skill level 1 in Polearms
  2084 | D:2      | Reached skill level 1 in Staves
  2084 | D:2      | Reached skill level 1 in Slings
  2084 | D:2      | Reached skill level 1 in Bows
  2084 | D:2      | Reached skill level 1 in Crossbows
  2084 | D:2      | Reached skill level 1 in Throwing
  2084 | D:2      | Reached skill level 1 in Armour
  2084 | D:2      | Reached skill level 1 in Stealth
  2084 | D:2      | Reached skill level 1 in Shields
  2084 | D:2      | Reached skill level 1 in Conjurations
  2084 | D:2      | Reached skill level 1 in Hexes
  2084 | D:2      | Reached skill level 1 in Summonings
  2084 | D:2      | Reached skill level 1 in Necromancy
  2084 | D:2      | Reached skill level 1 in Translocations
  2084 | D:2      | Reached skill level 1 in Fire Magic
  2084 | D:2      | Reached skill level 1 in Ice Magic
  2084 | D:2      | Reached skill level 1 in Air Magic
  2084 | D:2      | Reached skill level 1 in Earth Magic
  2084 | D:2      | Reached skill level 1 in Poison Magic
  2084 | D:2      | Reached skill level 1 in Evocations
  2084 | D:2      | Reached XP level 4. HP: 10/34 MP: 11/11
  2659 | D:3      | Found a faded altar of an unknown god.
  2665 | D:3      | Became a worshipper of Zin the Law-Giver
  2665 | D:3      | Reached * piety under Zin
  2665 | D:3      | Reached ** piety under Zin
  3062 | D:3      | Reached XP level 5. HP: 40/40 MP: 12/12
  3839 | D:3      | Noticed Sigmund
  3850 | D:3      | HP: 2/41 [Sigmund/+1 scythe of freezing (3)]
  3852 | D:3      | Zin protects you from harm!
  3886 | D:3      | HP: 2/61 [Sigmund/magic dart (5)]
  3888 | D:3      | Mangled by Sigmund

Illustrated notes

Levels and vault maps discovered:
D:1:      dpeg_chamrin_arrival_tetris, layout_loops_corners, minmay_3d_cube
D:2:      layout_basic
D:3:      layout_basic, basic_ecumenical_altar, uniq_sigmund

Skill      XL: |  1  2  3  4  5 |
---------------+----------------+-----
Spellcasting   | 5 |  5.2
Invocations    | 1 |  1.8
Short Blades   | 1 |  1.6
Long Blades    | 1 |  1.6
Axes           | 1 |  1.6
Maces & Flails | 1 |  1.6
Polearms       | 1 |  1.6
Staves         | 1 |  1.6
Slings         | 1 |  1.6
Bows           | 1 |  1.6
Crossbows      | 1 |  1.6
Throwing       | 1 |  1.6
Armour         | 1 |  1.6
Stealth        | 1 |  1.6
Shields        | 1 |  1.6
Conjurations   | 1 |  1.2
Hexes          | 1 |  1.2
Summonings     | 1 |  1.2
Necromancy     | 1 |  1.2
Translocations | 1 |  1.2
Fire Magic     | 1 |  1.2
Ice Magic      | 1 |  1.2
Air Magic      | 1 |  1.2
Earth Magic    | 1 |  1.2
Poison Magic   | 1 |  1.2
Evocations     | 1 |  1.6
Fighting       | 3 |  3.0
Transmutations | 4 |  4.0
Dodging        | |  4.8
Unarmed Combat | |  6.7

Action                   |  1- 3 |  4- 6 || total
-------------------------+-------+-------++-------
Melee: Unarmed           |    66 |    95 ||   161
       Kick              |    12 |     1 ||    13
       Headbutt          |     4 |       ||     4
       Bite              |     6 |     4 ||    10
       Punch             |     3 |     1 ||     4
Throw: Boomerang         |       |     4 ||     4
 Cast: Beastly Appendage |    21 |     1 ||    22
       Wereblood         |     5 |     1 ||     6
Invok: Recite            |       |     5 ||     5
  Use: Potion            |       |     7 ||     7
       Scroll            |       |     5 ||     5
 Stab: Sleeping          |       |     1 ||     1
Armor: Robe              |     6 |    13 ||    19
       Skin              |       |     5 ||     5
Dodge: Dodged            |    33 |    66 ||    99

Table legend: (Time is in decaauts)
 A = Elapsed time spent in this place.
 B = Non-inter-level travel time spent in this place.
 C = Inter-level travel time spent in this place.
 D = Time resting spent in this place.
 E = Time spent auto-exploring this place.
 F = Levels seen in this place.
 G = Mean time per level.
                   A        B        C        D        E       F      G
               +--------+--------+--------+--------+--------+-----+--------+
         Total |   3868 |   3845 |     23 |    175 |   3230 |   3 | 1289.3 |
       Dungeon |   3868 |   3845 |     23 |    175 |   3230 |   3 | 1289.3 |
               +--------+--------+--------+--------+--------+-----+--------+

Top non-repeatable levels by time:
     D:2: 1533 daAuts
     D:1: 1289 daAuts
     D:3: 1045 daAuts
